 Dungeon Crawl Stone Soup version 0.22.0-5-gf09313c8f9 (webtiles) character file.

1641 Peloso the Shield-Bearer (level 8, -1/70 HPs)
             Began as a Minotaur Fighter on Aug 14, 2018.
             Was an Initiate of Okawaru.
             Slain by a wight
             ... wielding a +4 great sword
              (9 damage)
             ... on level 6 of the Dungeon.
             The game lasted 00:14:49 (4447 turns).

Peloso the Shield-Bearer (Minotaur Fighter)         Turns: 4447, Time: 00:14:50

Health: -1/70      AC: 13    Str: 27    XL:     8   Next: 66%
Magic:  7/7        EV:  7    Int:  5    God:    Okawaru [......]
Gold:   290        SH: 11    Dex: 12    Spells: 7/7 levels left

rFire    . . .     SeeInvis .   a - +0 long sword
rCold    . . .     Gourm    .   c - +0 shield
rNeg     . . .     Faith    .   s - +0 chain mail
rPois    .         Spirit   .   (helmet restricted)
rElec    .         Reflect  .   v - scarf {cloud immunity}
rCorr    .         Harm     .   (no gloves)
MR       .....                  l - +2 pair of boots
Stlth    ..........             (no amulet)
HPRegen  0.21/turn              o - ring of wizardry
MPRegen  0.10/turn              u - +6 ring of strength

@: heavily drained
A: retaliatory headbutt, horns 2
a: Renounce Religion


You were on level 6 of the Dungeon.
You worshipped Okawaru.
Okawaru was noncommittal.
You were not hungry.

You visited 2 branches of the dungeon, and saw 7 of its levels.

You collected 290 gold pieces.

Inventory:

Hand Weapons
 a - a +0 long sword (weapon)
 r - the +1 spear "Ycez" {venom, Dex+4}
   (You found it on level 4 of the Dungeon)

   It poisons the flesh of those it strikes.
   It affects your dexterity (+4).
Armour
 c - a +0 shield (worn)
 l - a +2 pair of boots (worn)
 s - a +0 chain mail (worn)
 v - a scarf of cloud immunity (worn)
Jewellery
 o - a ring of wizardry (left hand)
 u - a +6 ring of strength (right hand)
Scrolls
 g - 3 scrolls of remove curse
 i - a scroll of blinking {unknown}
 n - 2 scrolls of amnesia {unknown}
 p - 2 scrolls of teleportation {unknown}
 q - 2 scrolls of enchant armour {unknown}
 x - a scroll of magic mapping {unknown}
Potions
 b - 2 potions of invisibility {unknown}
 d - a potion of might
 e - a potion of heal wounds
 h - 3 potions of curing
 j - 2 potions of mutation
 k - a potion of agility
 m - 2 potions of haste
 t - a potion of flight {unknown}
 w - a potion of berserk rage {unknown}
Comestibles
 f - 8 rations


   Skills:
 + Level 5.8(4.1) Fighting
 + Level 7.9(6.2) Long Blades
 + Level 6.7(5.0) Armour
 + Level 3.0(1.5) Dodging
 + Level 7.9(6.1) Shields


You had 7 spell levels left.
You didn't know any spells.
Your spell library contained the following spells:

 Spells                   Type           Power        Failure   Level  Hunger
 Apportation              Tloc           #.....       97%         1    ##.....
 Summon Small Mammal      Summ           #...         97%         1    ##.....
 Animate Skeleton         Necr           N/A          97%         1    ##.....
 Confusing Touch          Hex            #.....       97%         1    ##.....


Dungeon Overview and Level Annotations

Branches:
Dungeon (6/15)             Temple (1/1) D:5

Altars:
Ashenzari
Cheibriados
Dithmenos
Elyvilon
Okawaru
Ru
Vehumet
Xom
Zin

Annotations:
D:6 1 runed door, Fv001's ghost, novice DrCj


Innate Abilities, Weirdness & Mutations

You reflexively headbutt those who attack you in melee.
You have a pair of horns on your head.


Message History

The wight is moderately damaged.
The wight hits you but does no damage.
You barely miss the wight.
The wight is moderately damaged.
The wight hits you with an enchanted great sword!
* * * LOW HITPOINT WARNING * * *
You feel drained.
* * * LOW HITPOINT WARNING * * *
You hit the wight but do no damage.
You headbutt the wight, but do no damage.
The wight is moderately damaged.
The wight barely misses you.
You riposte.
You barely miss the wight.
The wight is moderately damaged.
You hit the wight but do no damage. Your headbutt misses the wight.
The wight is moderately damaged.
You block the wight's attack.
You barely miss the wight. You headbutt the wight.
The wight is severely damaged.
The wight hits you with an enchanted great sword!
You die...

#....##)...##.#
....## #.#######
..#.# #.+SFFW(≈
..#..###.#######
>.....#......#
...........### #
#####......#
.#.# #.......#
.....##.@...#.#
....[..†z...#.#
##.###....#.#.#
#........#.#
..?.......#....
.(....#...#.#...
.....######.#.##
..>.. .# # ....#


You could see a bullfrog, a wight and an adder.

Vanquished Creatures
  Sigmund (D:2)
  Duvessa (D:4)
  An orc warrior (D:5)
  3 ogres (D:4)
  A centaur (D:6)
  A bullfrog (D:6)
  Dowan (D:4)
  A water moccasin skeleton (D:4)
  4 wights (D:6)
  2 howler monkeys
  A bullfrog zombie (D:4)
  2 centaur skeletons
  3 orc priests
  A bullfrog skeleton (D:5)
  An iguana (D:5)
  4 orc wizards (D:5)
  A worker ant (D:4)
  2 hound skeletons (D:4)
  4 adders
  An adder zombie (D:6)
  2 worms
  A dart slug (D:1)
  6 leopard geckos
  22 orcs
  11 giant cockroaches
  9 goblins
  6 hobgoblins
  10 jackals
  7 kobolds
  2 quokkas
  3 ball pythons
  4 bats
  10 frilled lizards
  A quokka zombie (D:5)
  5 rats
135 creatures vanquished.

Notes
Turn   | Place    | Note
-------+----------+-------------------------------------------
     0 | D:1      | Peloso the Minotaur Fighter began the quest for the Orb.
     0 | D:1      | Reached XP level 1. HP: 19/19 MP: 0/0
   197 | D:1      | Reached XP level 2. HP: 27/27 MP: 1/1
   794 | D:2      | Noticed Sigmund
   801 | D:2      | Killed Sigmund
   801 | D:2      | Reached skill level 1 in Dodging
   801 | D:2      | Reached XP level 3. HP: 32/34 MP: 2/2
   801 | D:2      | Reached XP level 4. HP: 39/41 MP: 3/3
   801 | D:2      | Reached XP level 5. HP: 44/47 MP: 4/4
   866 | D:2      | Reached skill level 5 in Shields
  1013 | D:2      | Found a faded altar of an unknown god.
  1590 | D:2      | Found a sacrificial altar of Ru.
  1885 | D:3      | Reached XP level 6. HP: 44/53 MP: 5/5
  2368 | D:4      | Found a shattered altar of Ashenzari.
  2421 | D:4      | Reached skill level 5 in Long Blades
  2421 | D:4      | Reached skill level 5 in Armour
  2614 | D:4      | Got a brightly glowing spear
  2615 | D:4      | Identified the cursed +1 spear "Ycez" {venom, Dex+4} (You found it on level 4 of the Dungeon)
  2804 | D:4      | Noticed Duvessa
  2805 | D:4      | Noticed Dowan
  2814 | D:4      | Killed Duvessa
  2814 | D:4      | Reached XP level 7. HP: 48/60 MP: 6/6
  2830 | D:4      | Killed Dowan
  3078 | D:4      | Reached skill level 5 in Fighting
  3225 | D:4      | Found a shadowy altar of Dithmenos.
  3225 | D:4      | Found a white marble altar of Elyvilon.
  3226 | D:4      | Found a glowing silver altar of Zin.
  3759 | D:5      | Entered Level 5 of the Dungeon
  3877 | D:5      | Reached XP level 8. HP: 66/68 MP: 7/7
  3905 | D:5      | Found a white marble altar of Elyvilon.
  4031 | D:5      | Found a staircase to the Ecumenical Temple.
  4066 | Temple   | Entered the Ecumenical Temple
  4142 | Temple   | Became a worshipper of Warmaster Okawaru
  4334 | D:6      | Found a runed door.
  4403 | D:6      | Noticed Fv001's ghost (novice DrCj)
  4447 | D:6      | Slain by a wight

Skill      XL: |  1  2  3  4  5  6  7  8 |
---------------+-------------------------+-----
Shields        | 4 5 6 7 |  7.9
Fighting       | 4 5 |  5.8
Long Blades    | 3 4 5 6 7 |  7.9
Armour         | 4 5 6 |  6.7
Dodging        | 1 2 3 |  3.0

Action                   |  1- 3 |  4- 6 |  7- 9 || total
-------------------------+-------+-------+-------++-------
Melee: Long sword        |    58 |   198 |   171 ||   427
       Headbutt          |    12 |    35 |    42 ||    89
  Use: Potion            |     1 |       |       ||     1
       Scroll            |       |     6 |       ||     6
  Eat: Chunk             |       |     6 |     6 ||    12
Armor: Scale mail        |    28 |    39 |       ||    67
       Chain mail        |       |    88 |    62 ||   150
Dodge: Dodged            |    18 |    62 |    38 ||   118
Block: Shield            |    25 |   126 |    95 ||   246
       Rpst.: Long sword |     4 |    18 |    11 ||    33
